[ AOE2 MATCH · #505439919 ]
UnrankedRomans vs Turks
Player's team · WIN
Rival team · LOSS
[ REPLAY ANALYSIS · EXTRACTED FROM THE RECORDED GAME ]
Feudal
10:42
Castle
25:35
Imperial
—
| APM avg | 66.6 |
| APM peak | 115 |
| eAPM avg | 30.8 |
| Villagers / military | 62 / 42 |
Focus
⚔️ 48.3% · 🌾 51.7%
Archer ×17 · Spearman ×12 · Skirmisher ×8 · Militia ×3 · Cavalry Archer ×2
Feudal
10:16
Castle
—
Imperial
—
| APM avg | 65.5 |
| APM peak | 99 |
| eAPM avg | 32.2 |
| Villagers / military | 79 / 46 |
Focus
⚔️ 41.8% · 🌾 58.2%
Archer ×28 · Scout Cavalry ×16 · Spearman ×1 · Skirmisher ×1
Match map
Initial resources + every placement click. Lines = walls · curves = elevation contours. ◆ gold · ⬟ stone · ● berries · ✦ relic · ◌ wall gap
Your base· Open — unwalled flank
OS+ | NeoZz's base· Open — unwalled flank
Smoothed initial terrain · ◌ = detected wall gap · hover for details
Inputs per minute
— TAG_MbL_ - - OS+ | NeoZz
Build order — TAG_MbL_
First 150 of 177 actions detected
| 0:00 | Create | Villager (Male) ×4 |
| 0:01 | Build | House |
| 0:02 | Build | House |
| 1:12 | Create | Villager (Male) |
| 1:50 | Build | Lumber Camp |
| 1:56 | Create | Villager (Male) |
| 1:57 | Create | Villager (Male) |
| 2:30 | Create | Villager (Male) |
| 2:54 | Create | Villager (Male) |
| 3:19 | Create | Villager (Male) |
| 3:55 | Build | House |
| 4:00 | Create | Villager (Male) |
| 4:22 | Create | Villager (Male) |
| 4:22 | Create | Villager (Male) |
| 4:29 | Build | Barracks |
| 4:43 | Create | Villager (Male) |
| 5:05 | Create | Villager (Male) |
| 5:05 | Create | Villager (Male) |
| 5:22 | Build | House |
| 5:28 | Create | Militia |
| 5:44 | Create | Militia |
| 5:56 | Create | Militia |
| 6:02 | Build | Mill |
| 6:06 | Create | Villager (Male) |
| 6:24 | Create | Villager (Male) |
| 6:48 | Build | Farm |
| 7:15 | Create | Villager (Male) |
| 7:33 | Research | Loom |
| 7:35 | Build | House |
| 7:58 | Create | Villager (Male) |
| 8:32 | Research | Feudal Age |
| 8:40 | Build | Mining Camp |
| 9:19 | Build | House |
| 9:45 | Build | Farm |
| 10:19 | Create | Villager (Male) |
| 10:42 | Age | Feudal Age |
| 10:43 | Build | Archery Range |
| 10:45 | Research | Double-Bit Axe |
| 10:47 | Build | Blacksmith |
| 10:49 | Create | Villager (Male) |
| 11:29 | Create | Villager (Male) |
| 11:37 | Research | Horse Collar |
| 11:40 | Build | Mill |
| 11:44 | Create | Archer |
| 11:45 | Create | Archer |
| 11:58 | Create | Villager (Male) |
| 12:01 | Create | Villager (Male) |
| 12:09 | Build | Farm |
| 12:10 | Create | Villager (Male) |
| 12:15 | Create | Archer |
| 12:16 | Create | Archer |
| 12:32 | Research | Fletching |
| 12:34 | Build | Farm |
| 12:38 | Build | Farm |
| 12:48 | Create | Archer |
| 12:50 | Create | Villager (Male) |
| 12:55 | Create | Villager (Male) |
| 12:57 | Create | Skirmisher |
| 12:59 | Create | Villager (Male) |
| 13:12 | Research | Wheelbarrow |
| 13:15 | Create | Archer |
| 13:35 | Build | House |
| 13:45 | Build | Mining Camp |
| 13:55 | Create | Villager (Male) |
| 13:57 | Create | Skirmisher |
| 14:12 | Create | Villager (Male) |
| 14:13 | Create | Skirmisher |
| 14:33 | Create | Villager (Male) |
| 14:39 | Research | Padded Archer Armor |
| 14:46 | Create | Skirmisher |
| 15:01 | Create | Skirmisher |
| 15:07 | Create | Villager (Male) |
| 15:11 | Create | Skirmisher |
| 15:28 | Create | Skirmisher |
| 15:34 | Build | Farm |
| 15:35 | Build | Farm |
| 15:36 | Build | Farm |
| 15:41 | Create | Spearman |
| 15:41 | Create | Spearman |
| 15:55 | Build | Watch Tower |
| 15:58 | Build | Palisade Wall |
| 15:59 | Build | Palisade Wall |
| 16:00 | Build | Palisade Wall |
| 16:04 | Create | Villager (Male) |
| 16:11 | Build | Watch Tower |
| 16:24 | Create | Villager (Male) |
| 16:36 | Research | Town Watch |
| 16:38 | Build | House |
| 16:47 | Build | House |
| 16:51 | Create | Archer |
| 17:00 | Build | Watch Tower |
| 17:04 | Create | Villager (Male) |
| 17:07 | Create | Villager (Male) |
| 17:09 | Build | Farm |
| 17:29 | Build | Farm |
| 17:33 | Build | Palisade Wall |
| 17:38 | Research | Scale Mail Armor |
| 18:00 | Create | Villager (Male) |
| 18:00 | Create | Villager (Male) |
| 18:07 | Create | Archer |
| 18:07 | Create | Archer |
| 18:08 | Create | Archer |
| 18:08 | Create | Archer |
| 18:16 | Create | Spearman |
| 18:17 | Create | Spearman |
| 18:46 | Create | Villager (Male) |
| 18:46 | Create | Villager (Male) |
| 18:59 | Create | Villager (Male) |
| 19:18 | Create | Spearman |
| 19:19 | Create | Villager (Male) |
| 19:20 | Build | Farm |
| 19:21 | Build | Farm |
| 19:22 | Build | Farm |
| 19:24 | Build | Farm |
| 19:32 | Create | Spearman |
| 19:41 | Build | Watch Tower |
| 19:46 | Create | Spearman |
| 19:48 | Create | Villager (Male) |
| 19:52 | Build | House |
| 19:53 | Build | Lumber Camp |
| 20:06 | Create | Villager (Male) |
| 20:20 | Create | Skirmisher |
| 20:20 | Create | Archer |
| 20:22 | Create | Archer |
| 20:30 | Create | Villager (Male) |
| 20:33 | Build | Palisade Wall |
| 20:34 | Build | Palisade Wall |
| 20:35 | Build | Palisade Wall |
| 20:36 | Build | Palisade Wall |
| 20:37 | Build | Palisade Wall |
| 20:40 | Create | Villager (Male) |
| 20:42 | Create | Archer |
| 20:58 | Create | Spearman |
| 20:59 | Create | Villager (Male) |
| 21:26 | Create | Villager (Male) |
| 21:33 | Build | House |
| 21:34 | Build | House |
| 21:51 | Build | Market |
| 22:00 | Create | Villager (Male) |
| 22:07 | Create | Villager (Male) |
| 22:12 | Build | Watch Tower |
| 22:55 | Research | Castle Age |
| 22:58 | Build | Farm |
| 22:59 | Build | Farm |
| 23:02 | Build | Farm |
| 23:19 | Build | Watch Tower |
| 23:20 | Create | Villager (Male) |
| 23:43 | Create | Villager (Male) |
| 23:44 | Create | Archer |
| 23:44 | Create | Archer |
Build order — OS+ | NeoZz
First 150 of 216 actions detected
| 0:00 | Create | Villager (Male) |
| 0:00 | Create | Villager (Male) |
| 0:01 | Build | House |
| 0:02 | Build | House |
| 0:03 | Create | Villager (Male) |
| 0:07 | Create | Villager (Male) |
| 1:15 | Create | Villager (Male) |
| 1:44 | Create | Villager (Male) |
| 1:44 | Create | Villager (Male) |
| 2:06 | Create | Villager (Male) |
| 2:27 | Build | Lumber Camp |
| 2:49 | Create | Villager (Male) |
| 2:49 | Create | Villager (Male) |
| 3:26 | Build | House |
| 3:29 | Build | House |
| 3:31 | Create | Villager (Male) |
| 3:32 | Create | Villager (Male) |
| 4:14 | Create | Villager (Male) |
| 4:36 | Create | Villager (Male) |
| 4:57 | Create | Villager (Male) |
| 4:57 | Research | Loom |
| 5:13 | Build | Mill |
| 5:31 | Build | Palisade Wall |
| 5:32 | Build | Palisade Wall |
| 6:17 | Create | Villager (Male) |
| 6:25 | Build | Palisade Wall |
| 6:32 | Build | Palisade Wall |
| 6:34 | Build | House |
| 6:37 | Build | Palisade Wall |
| 6:42 | Create | Villager (Male) |
| 7:00 | Build | Palisade Wall |
| 7:02 | Build | Palisade Wall |
| 7:11 | Create | Villager (Male) |
| 7:21 | Build | Palisade Wall |
| 7:22 | Build | Palisade Wall |
| 7:26 | Build | House |
| 7:26 | Create | Villager (Male) |
| 7:31 | Create | Villager (Male) |
| 7:32 | Create | Villager (Male) |
| 7:36 | Create | Villager (Male) |
| 7:51 | Build | Palisade Wall |
| 8:06 | Research | Feudal Age |
| 8:06 | Research | Feudal Age |
| 8:09 | Build | Lumber Camp |
| 8:14 | Build | Palisade Wall |
| 8:17 | Build | Palisade Wall |
| 8:18 | Build | Palisade Wall |
| 8:45 | Build | Mining Camp |
| 8:57 | Create | Villager (Male) |
| 8:57 | Create | Villager (Male) |
| 9:10 | Create | Villager (Male) |
| 9:24 | Build | Palisade Wall |
| 9:44 | Create | Villager (Male) |
| 9:46 | Build | Barracks |
| 9:53 | Build | Palisade Wall |
| 10:16 | Age | Feudal Age |
| 10:19 | Research | Double-Bit Axe |
| 10:20 | Create | Villager (Male) |
| 10:37 | Create | Villager (Male) |
| 10:42 | Create | Spearman |
| 10:43 | Build | Archery Range |
| 10:43 | Create | Villager (Male) |
| 11:05 | Build | House |
| 11:05 | Create | Villager (Male) |
| 11:24 | Build | Palisade Gate |
| 11:29 | Build | Palisade Wall |
| 11:32 | Create | Villager (Male) |
| 11:37 | Create | Archer |
| 11:38 | Create | Villager (Male) |
| 11:39 | Build | Farm |
| 11:46 | Build | Farm |
| 11:47 | Build | Farm |
| 12:01 | Create | Archer |
| 12:20 | Research | Horse Collar |
| 12:21 | Create | Archer |
| 12:25 | Build | Farm |
| 12:34 | Build | Farm |
| 12:38 | Create | Villager (Male) |
| 12:38 | Create | Villager (Male) |
| 12:47 | Create | Archer |
| 12:56 | Build | Farm |
| 13:00 | Create | Archer |
| 13:03 | Create | Villager (Male) |
| 13:05 | Build | Farm |
| 13:22 | Create | Villager (Male) |
| 13:22 | Create | Villager (Male) |
| 13:33 | Build | Blacksmith |
| 13:39 | Create | Villager (Male) |
| 13:43 | Build | Palisade Wall |
| 13:45 | Build | House |
| 13:47 | Create | Villager (Male) |
| 13:52 | Build | House |
| 13:52 | Build | House |
| 14:05 | Create | Archer |
| 14:06 | Create | Villager (Male) |
| 14:06 | Create | Villager (Male) |
| 14:07 | Build | Farm |
| 14:13 | Research | Fletching |
| 14:15 | Build | Farm |
| 14:22 | Create | Archer |
| 14:32 | Create | Villager (Male) |
| 14:40 | Create | Archer |
| 15:03 | Create | Villager (Male) |
| 15:03 | Create | Villager (Male) |
| 15:06 | Build | Farm |
| 15:10 | Create | Skirmisher |
| 15:25 | Create | Villager (Male) |
| 15:26 | Create | Villager (Male) |
| 15:27 | Build | Farm |
| 15:29 | Build | Stable |
| 15:29 | Create | Archer |
| 15:33 | Build | Farm |
| 15:37 | Create | Villager (Male) |
| 15:42 | Create | Villager (Male) |
| 15:52 | Build | Farm |
| 15:56 | Create | Villager (Male) |
| 16:03 | Build | House |
| 16:08 | Build | Farm |
| 16:14 | Research | Town Watch |
| 16:15 | Create | Archer |
| 16:23 | Build | Farm |
| 16:23 | Create | Scout Cavalry |
| 16:24 | Create | Scout Cavalry |
| 16:25 | Create | Villager (Male) |
| 16:25 | Create | Archer |
| 16:27 | Create | Villager (Male) |
| 16:39 | Create | Villager (Male) |
| 16:39 | Create | Villager (Male) |
| 16:45 | Build | Farm |
| 16:45 | Create | Villager (Male) |
| 16:49 | Build | Watch Tower |
| 17:01 | Research | Forging |
| 17:02 | Create | Archer |
| 17:08 | Create | Villager (Male) |
| 17:14 | Build | Farm |
| 17:19 | Create | Villager (Male) |
| 17:31 | Build | House |
| 17:38 | Create | Scout Cavalry |
| 17:45 | Create | Scout Cavalry |
| 17:46 | Create | Archer |
| 18:00 | Create | Archer |
| 18:18 | Create | Villager (Male) |
| 18:19 | Create | Archer |
| 18:26 | Create | Scout Cavalry |
| 18:48 | Create | Villager (Male) |
| 18:48 | Create | Villager (Male) |
| 18:48 | Create | Villager (Male) |
| 18:54 | Create | Villager (Male) |
| 19:03 | Build | Palisade Wall |
| 19:09 | Build | Mining Camp |
Match timeline
| 4:29 | TAG_MbL_ · first_building Barracks |
| 5:31 | OS+ | NeoZz · wall_segment Palisade Wall x1 |
| 5:32 | OS+ | NeoZz · wall_segment Palisade Wall x1 |
| 6:25 | OS+ | NeoZz · wall_segment Palisade Wall x9 |
| 6:32 | OS+ | NeoZz · wall_segment Palisade Wall x3 |
| 6:37 | OS+ | NeoZz · wall_segment Palisade Wall x5 |
| 7:00 | OS+ | NeoZz · wall_segment Palisade Wall x1 |
| 7:02 | OS+ | NeoZz · wall_segment Palisade Wall x1 |
| 7:21 | OS+ | NeoZz · wall_segment Palisade Wall x1 |
| 7:22 | OS+ | NeoZz · wall_segment Palisade Wall x1 |
| 7:51 | OS+ | NeoZz · wall_segment Palisade Wall x3 |
| 8:14 | OS+ | NeoZz · wall_segment Palisade Wall x1 |
| 8:17 | OS+ | NeoZz · wall_segment Palisade Wall x1 |
| 8:18 | OS+ | NeoZz · wall_segment Palisade Wall x1 |
| 9:24 | OS+ | NeoZz · wall_segment Palisade Wall x1 |
| 9:46 | OS+ | NeoZz · first_building Barracks |
| 9:53 | OS+ | NeoZz · wall_segment Palisade Wall x2 |
| 10:16 | OS+ | NeoZz · age_up feudal |
| 10:42 | TAG_MbL_ · age_up feudal |
| 10:43 | OS+ | NeoZz · first_building Archery Range |
| 10:43 | TAG_MbL_ · first_building Archery Range |
| 11:29 | OS+ | NeoZz · wall_segment Palisade Wall x1 |
| 13:43 | OS+ | NeoZz · wall_segment Palisade Wall x1 |
| 15:29 | OS+ | NeoZz · first_building Stable |
| 15:58 | TAG_MbL_ · wall_segment Palisade Wall x1 |
| 15:59 | TAG_MbL_ · wall_segment Palisade Wall x1 |
| 16:00 | TAG_MbL_ · wall_segment Palisade Wall x1 |
| 17:33 | TAG_MbL_ · wall_segment Palisade Wall x1 |
| 19:03 | OS+ | NeoZz · wall_segment Palisade Wall x1 |
| 20:33 | TAG_MbL_ · wall_segment Palisade Wall x1 |
| 20:34 | TAG_MbL_ · wall_segment Palisade Wall x1 |
| 20:35 | TAG_MbL_ · wall_segment Palisade Wall x1 |
| 20:36 | TAG_MbL_ · wall_segment Palisade Wall x1 |
| 20:37 | TAG_MbL_ · wall_segment Palisade Wall x1 |
| 22:47 | TAG_MbL_ · first_market_buy 100 food |
| 23:25 | OS+ | NeoZz · wall_segment Palisade Wall x1 |
| 23:26 | OS+ | NeoZz · wall_segment Palisade Wall x1 |
| 25:22 | TAG_MbL_ · wall_segment Palisade Wall x1 |
| 25:23 | TAG_MbL_ · wall_segment Palisade Wall x2 |
| 25:25 | TAG_MbL_ · wall_segment Palisade Wall x1 |
| 25:27 | TAG_MbL_ · wall_segment Palisade Wall x1 |
| 25:35 | TAG_MbL_ · age_up castle |
| 26:26 | OS+ | NeoZz · resign |
[ AI ANALYSIS · 1 CREDIT ]
What really happened in this match?
Wolo.gg analyzes every decision: build order, eco, micro, common mistakes by bracket. Personalized analysis on WhatsApp or Discord in 30 seconds.
Civ guide
Romans
Perfil
Jugador #251265